Map: Oxide LE

Players

GogojOey

  • Race: Zerg Zerg

ButAlways - Winner!

  • Race: Protoss Protoss

VOD

Have the link to the VOD?

Description

Time

  • Played on: Sept. 30, 2021, 7:24 a.m.
  • Length: 13:09
Show
View Real Time Build Order
Export as new Build Order

GogojOey Zerg 

Build Orders: Hatch First 

Get SALT Encoding   

  12  0:00  Drone  
  13  0:12  Overlord  
  13  0:16  Drone  
  14  0:30  Drone x2  
  16  0:43  Drone  
  16  0:45  Drone  
  18  0:55  Hatchery  
  17  0:59  Extractor  
  17  1:00  Drone  
  17  1:14  Spawning Pool  
  17  1:16  Drone  
  17  1:20  Drone  
  18  1:27  Drone  
  19  1:38  Drone  
  20  1:50  Drone  
  22  2:01  Zergling x2  
  22  2:03  Metabolic Boost  
  22  2:07  Drone, Queen x2  
  27  2:12  Overlord  
  27  2:19  Drone  
  28  2:30  Drone  
  28  2:32  Hatchery  
  28  2:37  Drone  
  28  2:40  Drone x2  
  31  2:47  Queen  
  33  2:53  Overlord  
  33  2:57  Drone  
  34  2:58  Drone  
  34  3:01  Drone  
  36  3:12  Drone x2  
  38  3:16  Drone x6  
  38  3:19  Overlord  
  44  3:24  Overlord  
  44  3:40  Zergling x4, Spore Crawler  
  45  3:43  Drone, Queen  
  45  3:44  Queen  
  45  3:46  Queen  
  52  3:56  Roach Warren  
  52  4:00  Overlord  
  52  4:02  Drone  
  52  4:04  Spore Crawler  
  52  4:05  Drone x3, Extractor  
  52  4:07  Drone  
  52  4:08  Drone  
  55  4:12  Spore Crawler  
  54  4:17  Overlord  
  54  4:18  Overlord  
  54  4:22  Queen  
  55  4:37  Roach x6  
  67  4:39  Zergling x2  
  67  4:42  Zergling x4  
  67  4:43  Zergling x2  
  71  4:46  Zergling x4  
  73  4:54  Overlord x2  
  73  5:06  Ravager x2  
  74  5:11  Overlord  
  72  5:15  Ravager  
  72  5:17  Zergling x22  
  81  5:29  Zergling x6  
  81  5:35  Ravager x2  
  81  5:36  Zergling x10  
  81  5:39  Zergling x2  
  85  5:46  Zergling x4  
  85  5:47  Queen  
  89  5:52  Lair  
  89  5:54  Drone x2  
  89  5:59  Drone  
  89  6:03  Drone  
  89  6:04  Drone, Queen  
  92  6:13  Drone x2  
  92  6:19  Drone x2  
  92  6:23  Queen  
  94  6:30  Drone x3  
  93  6:39  Drone  
  95  6:40  Drone x3  
  95  6:42  Spore Crawler  
  96  6:47  Spore Crawler  
  96  6:48  Spore Crawler  
  96  6:49  Overlord x2  
  94  6:56  Hydralisk Den  
  93  7:03  Overlord  
  93  7:07  Queen x2  
  96  7:11  Overlord  
  96  7:12  Queen  
  66  7:31  Hydralisk x8  
  66  7:34  Hydralisk  
  81  7:40  Spore Crawler  
  81  7:42  Zergling x12  
  81  7:43  Queen  
  90  7:48  Queen  
  90  7:49  Hydralisk  
  92  7:55  Hydralisk  
  81  8:09  Hydralisk, Zergling x2  
  80  8:19  Queen  
  73  8:20  Hydralisk, Zergling x2  
  73  8:21  Zergling x6  
  73  8:24  Queen  
  78  8:33  Drone x2, Hatchery  
  72  8:38  Hydralisk  
  73  8:44  Grooved Spines  
  71  8:52  Overlord  
  71  8:54  Queen  
  71  8:58  Extractor  
  71  9:01  Hatchery  
  66  9:04  Queen  
  66  9:05  Drone  
  69  9:16  Drone x3  
  72  9:17  Drone x3  
  76  9:24  Drone  
  76  9:25  Infestation Pit  
  76  9:27  Drone  
  76  9:28  Evolution Chamber  
  75  9:36  Drone x3  
  75  9:38  Drone x2  
  80  9:42  Hydralisk  
  82  9:51  Spore Crawler  
  81  9:52  Hydralisk  
  81  9:54  Spore Crawler  
  81  9:57  Zerg Missile Weapons Level 1  
  82  10:09  Hydralisk  
  82  10:10  Hydralisk x2  
  84  10:20  Spawning Pool  
  83  10:23  Hydralisk x2  
  87  10:46  Hydralisk  
  87  10:47  Hydralisk  
  91  10:58  Drone  
  92  11:04  Hydralisk x3  
  92  11:07  Queen  
  92  11:08  Drone  
  92  11:10  Extractor, Overlord x2  
  96  11:21  Overlord  
  96  11:22  Hatchery  
  95  11:27  Overlord x2  
  93  11:41  Hydralisk x3  
  93  11:45  Queen  
  101  11:56  Hydralisk  
  103  12:03  Hydralisk  
  103  12:04  Hydralisk x2  
  109  12:15  Hydralisk  
  93  12:22  Hydralisk  
  97  12:32  Hydralisk  
  95  12:48  Drone x2  
Show
View Real Time Build Order
Export as new Build Order

ButAlways Protoss - Winner!

Build Orders: Nexus First 

Get SALT Encoding   

  12  0:00  Probe  
  13  0:12  Probe  
  14  0:19  Pylon  
  14  0:24  Probe  
  15  0:37  Probe (Chrono Boost)  
  16  0:46  Probe (Chrono Boost)  
  17  0:51  Probe (Chrono Boost)  
  18  1:00  Nexus  
  18  1:10  Gateway  
  18  1:12  Probe (Chrono Boost)  
  19  1:21  Assimilator  
  19  1:23  Probe (Chrono Boost)  
  20  1:25  Assimilator  
  20  1:28  Probe (Chrono Boost)  
  21  1:36  Pylon  
  21  1:39  Probe  
  22  1:51  Probe  
  23  1:57  Cybernetics Core  
  25  2:03  Probe (Chrono Boost)  
  26  2:14  Probe (Chrono Boost)  
  26  2:15  Probe (Chrono Boost)  
  28  2:22  Probe x2 (Chrono Boost)  
  30  2:27  Probe (Chrono Boost)  
  30  2:29  Probe  
  32  2:34  Adept  
  32  2:38  Probe, Stargate  
  32  2:41  Probe  
  34  2:46  Gateway  
  34  2:50  Probe  
  35  2:53  Probe, Warp Gate  
  36  3:02  Probe  
  37  3:05  Probe  
  37  3:12  Void Ray (Chrono Boost)  
  37  3:13  Assimilator  
  37  3:15  Assimilator, Probe  
  37  3:17  Pylon  
  37  3:18  Probe  
  39  3:21  Adept  
  46  3:27  Probe  
  46  3:28  Shield Battery  
  46  3:29  Pylon  
  46  3:35  Probe  
  46  3:39  Probe  
  46  3:40  Stargate  
  48  3:43  Void Ray (Chrono Boost)  
  48  3:47  Probe  
  49  3:51  Probe  
  54  3:59  Probe  
  55  4:03  Probe  
  56  4:12  Nexus  
  56  4:13  Void Ray (Chrono Boost), Probe, Pylon  
  56  4:16  Probe  
  62  4:29  Pylon  
  62  4:31  Probe  
  62  4:33  Void Ray (Chrono Boost)  
  68  4:41  Stargate  
  68  4:43  Probe  
  68  4:45  Shield Battery  
  68  4:49  Void Ray  
  68  4:52  Shield Battery  
  69  4:59  Shield Battery  
  72  5:03  Shield Battery  
  72  5:04  Shield Battery  
  72  5:07  Pylon  
  72  5:11  Adept  
  72  5:12  Adept  
  76  5:18  Void Ray (Chrono Boost)  
  76  5:27  Shield Battery  
  80  5:28  Shield Battery  
  80  5:32  Void Ray (Chrono Boost)  
  80  5:37  Adept x2  
  80  5:42  Probe  
  89  5:49  Shield Battery  
  85  5:50  Pylon  
  85  5:54  Pylon  
  83  6:05  Protoss Air Weapons Level 1  
  83  6:07  Pylon  
  83  6:08  Pylon  
  83  6:20  Void Ray x2  
  83  6:25  Void Ray  
  91  6:43  Pylon  
  91  6:44  Pylon  
  91  6:45  Pylon x2  
  91  6:47  Pylon  
  91  6:52  Adept  
  93  6:57  Void Ray x2  
  93  7:03  Adept  
  93  7:05  Void Ray  
  93  7:06  Pylon  
  102  7:22  Probe  
  103  7:32  Adept  
  103  7:34  Void Ray x2  
  113  7:47  Void Ray  
  113  7:54  Nexus, Probe x2  
  113  7:55  Pylon  
  107  8:06  Probe  
  107  8:11  Void Ray  
  106  8:13  Probe  
  106  8:16  Void Ray  
  106  8:18  Probe  
  108  8:25  Probe  
  111  8:30  Probe  
  111  8:33  Shield Battery  
  108  8:34  Shield Battery  
  108  8:36  Void Ray  
  108  8:37  Probe  
  103  8:42  Probe  
  103  8:47  Forge  
  108  8:48  Void Ray  
  108  8:49  Adept x2  
  108  8:50  Probe  
  117  9:05  Shield Battery  
  117  9:06  Pylon  
  117  9:10  Adept x2  
  117  9:12  Shield Battery x2  
  120  9:17  Shield Battery  
  120  9:22  Photon Cannon  
  120  9:24  Photon Cannon  
  120  9:31  Assimilator x2  
  120  9:34  Fleet Beacon  
  120  9:43  Adept, Sentry  
  124  9:54  Void Ray  
  124  10:00  Void Ray  
  124  10:04  Void Ray, Nexus  
  132  10:12  Adept  
  132  10:13  Flux Vanes  
  138  10:29  Probe x2  
  138  10:32  Pylon  
  138  10:34  Adept x2  
  144  10:41  Probe x2  
  146  10:45  Probe  
  147  10:53  Probe  
  154  11:02  Twilight Council  
  150  11:06  Probe  
  150  11:07  Probe  
  150  11:08  Probe  
  159  11:17  Tempest x3 (Chrono Boost)  
  155  11:25  Probe x2  
  160  11:31  Probe  
  160  11:32  Probe  
  162  11:37  Probe  
  162  11:39  Adept x2  
  163  11:46  Assimilator  
  163  11:47  Assimilator, Templar Archives  
  163  11:52  Tempest x2 (Chrono Boost)  
  171  12:01  Adept  
  171  12:08  Nexus  
  161  12:17  Tempest (Chrono Boost)  
  161  12:22  Adept x2  
  160  12:32  Tempest (Chrono Boost)  
  165  12:39  Nexus  
  165  12:42  Adept  
  171  12:48  Pylon  
  171  12:50  Pylon  
  171  12:53  Pylon  
Tags
 
Add a new tag
Caveats
  • Supply blocks, unpowered buildings, or Contaminate may cause inaccurate times.
  • Supply counts are checked every 10 seconds.